 Dungeon Crawl Stone Soup version 0.24.0-125-gc4c63601f3 (webtiles) character file.

Game seed: 3022806393933320123, levelgen mode: deterministic

9525 Diniver the Cleaver (level 11, -5/81 HPs)
             Began as a Demonspawn Fighter on Mar 17, 2020.
             Was a Priest of Qazlal.
             Slain by a wolf (7 damage)
             ... led by Grum
             ... on level 1 of the Lair of Beasts.
             The game lasted 01:29:06 (16753 turns).

Diniver the Cleaver (Demonspawn Fighter)           Turns: 16753, Time: 01:29:07

Health: -5/81      AC: 22    Str: 24    XL:     11   Next: 24%
Magic:  14/14      EV:  4    Int: 11    God:    Qazlal [***...]
Gold:   490        SH: 16    Dex: 12    Spells: 10/10 levels left

rFire    + . .     SeeInvis +   a - +1 war axe
rCold    x . .     Gourm    .   c - +1 shield
rNeg     . . .     Faith    .   m - +0 plate armour
rPois    .         Spirit   .   (helmet unavailable)
rElec    .         Reflect  .   r - +2 cloak
rCorr    .         Harm     .   G - +1 pair of gloves
MR       .....                  p - +0 pair of boots
Stlth    ..........             (no amulet)
HPRegen  0.23/turn              s - ring of fire
MPRegen  0.14/turn              z - +3 ring of protection

@: mighty, lightly drained
A: antennae 3, thin metallic scales 1, powered by pain 2
a: Upheaval, Elemental Force, Renounce Religion


You were on level 1 of the Lair of Beasts.
You worshipped Qazlal.
Qazlal was most pleased with you.
You were not hungry.

You visited 3 branches of the dungeon, and saw 12 of its levels.
You also visited: Sewer.

You collected 628 gold pieces.
You spent 138 gold pieces at shops.

Inventory:

Hand Weapons
 a - a +1 war axe (weapon)
Missiles
 w - 24 poisoned darts (quivered)
 x - 4 atropa-tipped darts
Armour
 c - a +1 shield (worn)
 m - a +0 plate armour (worn)
 p - a +0 pair of boots (worn)
 r - a +2 cloak (worn)
 G - a +1 pair of gloves (worn)
Jewellery
 s - a ring of fire (left hand)
 z - a +3 ring of protection (right hand)
Wands
 b - a wand of iceblast (7)
 k - a wand of clouds (4)
Scrolls
 g - 2 scrolls of enchant armour
 j - 5 scrolls of remove curse
 l - a scroll of fog
 v - 3 scrolls of identify
 y - 2 scrolls of blinking
 E - a scroll of enchant weapon
Potions
 e - 4 potions of curing
 h - 4 potions of heal wounds
 o - 2 potions of invisibility
 q - a potion of cancellation {unknown}
 t - 3 potions of brilliance
 u - 5 potions of flight
 D - a potion of resistance
 H - a potion of ambrosia {unknown}
Comestibles
 f - 23 rations
 n - 7 chunks of flesh


   Skills:
 - Level 6.2(6.0) Fighting
 * Level 13.6(13.3) Axes
 - Level 2.6(2.4) Armour
 - Level 5.7(5.4) Shields
 + Level 5.1(4.9) Invocations


You had 10 spell levels left.
You didn't know any spells.
Your spell library contained the following spells:

 Spells                   Type           Power        Failure   Level  Hunger
 Magic Dart               Conj           #...         100%        1    ##.....
 Blink                    Tloc           N/A          100%        2    ###....
 Call Imp                 Summ           #.......     100%        2    ###....
 Slow                     Hex            #.......     100%        2    ###....
 Conjure Flame            Conj/Fire      #.......     100%        3    ####...
 Mephitic Cloud           Conj/Pois/Air  #.......     100%        3    ####...


Dungeon Overview and Level Annotations

Branches:
Dungeon (10/15)            Temple (1/1) D:6            Lair (1/6) D:10
  Sewer (visited)
    Orc: D:9-12

Altars:
Ashenzari
Cheibriados
Dithmenos
Elyvilon
Fedhas
Gozag
Hepliaklqana
Kikubaaqudgha
Makhleb
Nemelex Xobeh
Okawaru
Qazlal
Ru
Sif Muna
Trog
Uskayaw
Vehumet
Wu Jian
Xom
Yredelemnul
Zin
The Shining One

Shops:
D:8 (   D:9 :[}

Annotations:
D:2 exclusion: goblin
Lair:1 Grum, Nergalle


Innate Abilities, Weirdness & Mutations

You have a pair of large antennae on your head. (SInv)
You are partially covered in thin metallic scales. (AC +2)
You sometimes gain power by taking damage.


Message History

You hear a howl!
The wolf howls!
A wolf comes into view.
You feel sick.
You are no longer poisoned.
You hear a howl!
A spiny frog comes into view.
A wolf comes into view.
You block the wolf's attack. You block Grum's attack.
You are too injured to fight recklessly!
You are too injured to fight recklessly!
You are too injured to fight recklessly!
You are too injured to fight recklessly!
You are too injured to fight recklessly!
Your shield and plate armour prevent you from hitting the wolf.
You slash Grum! You closely miss the wolf. You block the wolf's attack.
The wolf bites you but does no damage. Grum hits you with a -1 glaive!
* * * LOW HITPOINT WARNING * * *
You block the wolf's attack. The wolf bites you!
You die...

. ### ####
....###g###.P###...
.....Fhh@.........)
###.#.h#h#######...
######


You could see Grum, a spiny frog and 4 wolves.

Vanquished Creatures
  An unseen horror (D:10)
  Psyche (D:7)
  A kobold demonologist (D:10)
  A komodo dragon (D:10)
  Prince Ribbit (D:9)
  2 hippogriffs
  Sigmund (D:6)
  A wyvern (D:10)
  A human (D:7)
  4 hogs (D:7)
  A hungry ghost (D:3)
  6 water moccasins
  A porcupine (Lair:1)
  Duvessa (D:6)
  An orc warrior (D:8)
  A phantom (D:7)
  A sky beast (D:9)
  An ice beast (D:8)
  2 black bears
  6 wolves (Lair:1)
  3 necrophages
  6 ogres
  4 centaurs
  Blork the orc (D:6)
  10 big kobolds
  5 bullfrogs
  A gnoll sergeant (D:7)
  A wyvern zombie (D:7)
  Dowan (D:6)
  5 scorpions
  A water moccasin skeleton (D:6)
  5 killer bees (D:8)
  3 wights (D:9)
  2 howler monkeys
  7 crimson imps
  3 hounds
  5 orc priests
  A centaur zombie (D:8)
  A gnoll shaman (D:6)
  2 jellies
  Ijyb (D:5)
  A bullfrog skeleton (D:8)
  2 iguanas (D:8)
  Terence (D:3)
  8 orc wizards
  9 worker ants
  2 hound zombies (D:8)
  A howler monkey zombie (D:10)
  A worker ant zombie (D:5)
  7 gnolls
  A howler monkey skeleton (D:7)
  8 river rats (Sewer)
  7 adders
  6 shadow imps
  2 adder zombies
  2 worms (D:4)
  A dart slug (D:3)
  8 leopard geckos
  29 orcs
  5 ball pythons
  3 bats
  8 giant cockroaches
  9 goblins
  7 hobgoblins
  20 jackals
  45 kobolds
  3 quokkas
  5 frilled lizards
  A giant cockroach zombie (D:6)
  9 kobold skeletons (D:10)
  9 kobold zombies (D:10)
  A leopard gecko skeleton (D:6)
  A quokka skeleton (D:4)
  28 rats
  14 plants (D:10)
367 creatures vanquished.

Vanquished Creatures (collateral kills)
  A hound (D:10)
1 creature vanquished.

Vanquished Creatures (others)
  2 fungi (Lair:1)
  A plant (D:10)
3 creatures vanquished.

Grand Total: 371 creatures vanquished

Notes
Turn   | Place    | Note
-------+----------+-------------------------------------------
     0 | D:1      | Diniver the Demonspawn Fighter began the quest for the Orb.
     0 | D:1      | Reached XP level 1. HP: 18/18 MP: 1/1
   125 | D:1      | Reached skill level 2 in Axes
   299 | D:1      | Gained mutation: You have a pair of small antennae on your
                  | head. [demonic ancestry]
   299 | D:1      | Reached XP level 2. HP: 23/24 MP: 2/2
   841 | D:2      | Found an iron altar of Okawaru.
  1009 | D:2      | Reached skill level 3 in Axes
  1301 | D:2      | Reached XP level 3. HP: 29/29 MP: 3/3
  1716 | D:3      | Noticed Terence
  1743 | D:3      | Killed Terence
  1923 | D:3      | Reached skill level 4 in Axes
  1923 | D:3      | Gained mutation: You have a pair of antennae on your head.
                  | [demonic ancestry]
  1923 | D:3      | Reached XP level 4. HP: 35/35 MP: 4/4
  2035 | D:3      | Found a glowing drain.
  2177 | Sewer    | Entered a sewer
  2475 | Sewer    | Reached XP level 5. HP: 17/41 MP: 5/5
  2816 | Sewer    | Reached skill level 5 in Axes
  3249 | Sewer    | Reached XP level 6. HP: 33/47 MP: 6/6
  3725 | D:3      | Noticed a hungry ghost
  3779 | D:3      | Killed a hungry ghost
  3779 | D:3      | Reached skill level 6 in Axes
  4010 | D:3      | Found a shimmering blue altar of Sif Muna.
  4500 | D:4      | Found a bloodstained altar of Trog.
  4500 | D:4      | Noticed a moth of wrath
  4928 | D:4      | Reached skill level 7 in Axes
  4928 | D:4      | Gained mutation: You have a pair of large antennae on your
                  | head. (SInv) [demonic ancestry]
  4928 | D:4      | Reached XP level 7. HP: 13/52 MP: 7/7
  5406 | D:5      | Entered Level 5 of the Dungeon
  6168 | D:5      | Reached skill level 8 in Axes
  6349 | D:5      | Found a shattered altar of Ashenzari.
  6409 | D:5      | Noticed Ijyb
  6694 | D:5      | Killed Ijyb
  7177 | D:6      | Found a staircase to the Ecumenical Temple.
  7199 | D:6      | Gained mutation: You sometimes gain a little power by
                  | taking damage. [demonic ancestry]
  7199 | D:6      | Reached XP level 8. HP: 49/57 MP: 8/8
  7267 | D:6      | Noticed Blork the orc
  7532 | D:6      | Killed Blork the orc
  7532 | D:6      | Reached skill level 9 in Axes
  7664 | D:6      | Noticed Duvessa
  7668 | D:6      | Noticed Dowan
  7981 | D:6      | Noticed Sigmund
  8017 | D:6      | Killed Sigmund
  8017 | D:6      | Reached skill level 10 in Axes
  8140 | D:6      | Killed Duvessa
  8156 | D:6      | Killed Dowan
  8279 | D:6      | Found an ornate altar of the Wu Jian Council.
  8729 | D:7      | Gained mutation: You are partially covered in thin metallic
                  | scales. (AC +2) [demonic ancestry]
  8729 | D:7      | Reached XP level 9. HP: 42/63 MP: 9/9
  8882 | D:7      | Reached skill level 11 in Axes
  9416 | Temple   | Entered the Ecumenical Temple
  9422 | Temple   | Became a worshipper of Qazlal Stormbringer
  9824 | D:7      | Found an ancient bone altar of Kikubaaqudgha.
 10898 | D:8      | Noticed Psyche
 10906 | D:8      | Paralysed by Psyche for 3 turns
 11146 | D:7      | Killed Psyche
 11146 | D:7      | Reached skill level 5 in Fighting
 11146 | D:7      | Reached skill level 12 in Axes
 11146 | D:7      | Reached XP level 10. HP: 29/74 MP: 10/10
 11594 | D:8      | Found a sacrificial altar of Ru.
 11664 | D:8      | Found Rifemyen's Antique Weapon Emporium.
 11860 | D:8      | Found a white marble altar of Elyvilon.
 11954 | D:8      | Reached * piety under Qazlal
 12416 | D:8      | Reached skill level 5 in Shields
 13010 | D:9      | Noticed Prince Ribbit
 13027 | D:9      | Found Qiusuj's Armour Shoppe.
 13059 | D:9      | Bought a +1 pair of gloves for 138 gold pieces
 13554 | D:9      | Killed Prince Ribbit
 13707 | D:9      | Reached ** piety under Qazlal
 13937 | D:9      | Found Donacs's Book Boutique.
 14137 | D:9      | Found Romeiz's Gadget Shop.
 14656 | D:10     | Entered Level 10 of the Dungeon
 15179 | D:10     | Noticed an unseen horror
 15200 | D:10     | Killed an unseen horror
 15200 | D:10     | Reached skill level 13 in Axes
 15484 | D:10     | Paralysed by a kobold for 2 turns
 15706 | D:10     | Reached *** piety under Qazlal
 15758 | D:10     | Gained mutation: You sometimes gain power by taking damage.
                  | [demonic ancestry]
 15758 | D:10     | Reached XP level 11. HP: 67/81 MP: 13/13
 15862 | D:10     | Found an ancient bone altar of Kikubaaqudgha.
 16038 | D:10     | Found a staircase to the Lair.
 16345 | Lair:1   | Entered Level 1 of the Lair of Beasts
 16681 | Lair:1   | Noticed Nergalle
 16686 | Lair:1   | Noticed a spectral orc warlord
 16721 | Lair:1   | Reached skill level 5 in Invocations
 16743 | Lair:1   | Noticed Grum
 16753 | Lair:1   | HP: 2/81 [Grum/-1 glaive (14)]
 16753 | Lair:1   | Slain by a wolf

Levels and vault maps discovered:
D:1:      onia_arrival_pentagram, layout_basic
D:2:      layout_basic, nicolae_overflow_hidden_temple, minmay_goblin_outpost
D:3:      layout_loops_ring, led_sif_book, gup_sewer_entry_pipe, uniq_terence
D:4:      layout_basic, tgw_trog, first_ration
D:5:      layout_basic, kennysheep_little_box, uniq_ijyb
D:6:      layout_rooms, kennysheep_mini_moat, minmay_temple_entry_from_below_b,
          roderic_serpentine_path, minmay_misc_feat_ornament,
          chequers_serial_rivers_room_a, uniq_sigmund, uniq_duvessa,
          uniq_blork_the_orc
D:7:      layout_basic, marbit_many_paths, serial_glass, glass_columns_b,
          glass_columns_a, grunt_livestock, wad_mini_maze
D:8:      layout_gridville, kennysheep_mini, lemuel_doored_altar, serial_shops,
          nicolae_shop_behind_doors, minivault_5, uniq_psyche
D:9:      layout_basic, serial_shops, shop, shop, shop, uniq_prince_ribbit1
D:10:     wander_kiku_kobolds, layout_loops_ring, david_lair_shrubbed
Temple:   zaba_magenta_temple
Lair:1:   layout_roguey, cheibrodos_lair_reptile_den,
          infiniplex_staircase_pool_2, uniq_nergalle, uniq_grum, uniq_joseph

Skill      XL: |  1  2  3  4  5  6  7  8  9 10 11 |
---------------+----------------------------------+-----
Axes           | 2 3 4 5 7 8 10 12 13 | 13.6
Shields        | 4 5 |  5.7
Fighting       | 5 6 |  6.2
Invocations    | 3 5 |  5.1
Armour         | |  2.6

Action                   |  1- 3 |  4- 6 |  7- 9 | 10-12 || total
-------------------------+-------+-------+-------+-------++-------
Melee: War axe           |   120 |   279 |   435 |   626 ||  1460
Throw: Dart              |       |    14 |    62 |    35 ||   111
Invok: Upheaval          |       |       |       |     1 ||     1
  Use: Scroll            |     1 |    11 |     6 |    12 ||    30
       Potion            |       |     2 |     5 |     4 ||    11
 Stab: Distracted        |       |       |       |     1 ||     1
  Eat: Chunk             |     2 |     8 |    16 |    16 ||    42
       Ration            |       |     6 |     1 |     1 ||     8
Armor: Scale mail        |    62 |   129 |   155 |       ||   346
       Plate armour      |       |       |    41 |   226 ||   267
Dodge: Dodged            |    21 |    86 |   125 |    48 ||   280
Block: Shield            |    49 |   121 |   234 |   344 ||   748
